 Dungeon Crawl Stone Soup version 0.24.0-123-gd5b16e6ec5 (webtiles) character file.

Game seed: 3173310249468610146, levelgen mode: deterministic

2460 FishyPogo the Magician (level 9, 0/70 HPs)
             Began as a Gnoll Skald on Dec 19, 2019.
             Was a Plaything of Xom.
             Slain by a killer bee (7 damage)
             ... on level 8 of the Dungeon.
             The game lasted 00:13:25 (4570 turns).

FishyPogo the Magician (Gnoll Skald)                Turns: 4570, Time: 00:13:26

Health: 0/70       AC:  9    Str: 18 (20) XL:     9   Next: 50%
Magic:  15/18      EV: 16    Int: 20 (21) God:    Xom [....*.]
Gold:   259        SH:  0    Dex: 14 (16) Spells: 4/21 levels left

rFire    . . .     SeeInvis .   s - +4 quarterstaff (chaos)
rCold    . . .     Gourm    .   (shield currently unavailable)
rNeg     . . .     Faith    .   n - +2 robe
rPois    .         Spirit   .   w - +1 helmet
rElec    .         Reflect  .   G - +0 cloak (curse)
rCorr    .         Harm     .   L - +0 pair of gloves
MR       .....                  (no boots)
Stlth    ++........             (no amulet)
HPRegen  0.21/turn              F - ring of wizardry
MPRegen  0.16/turn              h - ring of attention (curse)

@: mighty, brilliant, lethally poisoned (0 -> -53), singing
A: distributed training, fangs 1, strong nose
a: Renounce Religion


You were on level 8 of the Dungeon.
You worshipped Xom.
You were a beloved toy of Xom.
You were not hungry.

You visited 1 branch of the dungeon, and saw 8 of its levels.

You collected 259 gold pieces.

Inventory:

Hand Weapons
 a - a +0 falchion
 s - a +4 quarterstaff of chaos (weapon)
 t - a +0 rapier of protection
 A - a +0 falchion of slicing
 C - a +1 dagger of venom
Missiles
 k - 211 stones
 l - 14 poisoned darts (quivered)
 o - 46 sling bullets
 r - 10 boomerangs
Armour
 b - a +0 leather armour
 n - a +2 robe (worn)
 w - a +1 helmet (worn)
 G - a cursed +0 cloak (worn)
 L - a +0 pair of gloves (worn)
Jewellery
 f - a +1 ring of protection
 h - a cursed ring of attention (right hand)
 F - a ring of wizardry (left hand)
Wands
 E - a wand of enslavement (5)
 I - a wand of iceblast (12)
 P - a wand of acid (11)
Scrolls
 j - 12 scrolls of identify {unknown}
 p - 7 scrolls of enchant weapon {unknown}
 q - 4 scrolls of remove curse {unknown}
 u - 2 scrolls of amnesia {unknown}
 x - a scroll of blinking {unknown}
 y - 3 scrolls of teleportation {unknown}
 z - a scroll of noise {unknown}
 K - a scroll of silence {unknown}
 N - a scroll of acquirement {unknown}
Potions
 c - a potion of cancellation {unknown}
 e - 4 potions of heal wounds
 g - 3 potions of degeneration
 i - 3 potions of might
 m - a potion of agility {unknown}
 v - 4 potions of brilliance
 B - 2 potions of lignification {unknown}
 D - a potion of mutation {unknown}
 H - a potion of resistance {unknown}
 J - 2 potions of curing {unknown}
 M - a potion of berserk rage {unknown}
 O - a potion of flight {unknown}
Comestibles
 d - 13 rations
 Q - 2 chunks of flesh


   Skills:
 + Level 6.3 Fighting
 + Level 4.2 Short Blades
 + Level 6.3 Long Blades
 + Level 4.2 Axes
 + Level 4.2 Maces & Flails
 + Level 4.2 Polearms
 + Level 4.2 Staves
 + Level 4.2 Slings
 + Level 4.2 Bows
 + Level 4.2 Crossbows
 + Level 4.2 Throwing
 + Level 5.0 Armour
 + Level 6.3 Dodging
 + Level 4.2 Stealth
 + Level 4.2 Shields
 + Level 4.2 Unarmed Combat
 + Level 6.6 Spellcasting
 + Level 3.5 Conjurations
 + Level 3.5 Hexes
 + Level 6.5 Charms
 + Level 3.5 Summonings
 + Level 3.5 Necromancy
 + Level 3.5 Translocations
 + Level 3.5 Transmutations
 + Level 3.5 Fire Magic
 + Level 3.5 Ice Magic
 + Level 3.5 Air Magic
 + Level 3.5 Earth Magic
 + Level 3.5 Poison Magic
 + Level 4.6 Invocations
 + Level 4.2 Evocations


You had 4 spell levels left.
You knew the following spells:

 Your Spells              Type           Power        Failure   Level  Hunger
a - Confuse               Hex            ####....     1%          3    #......
h - Regeneration          Chrm/Necr      #####.....   1%          3    #......
l - Tukima's Dance        Hex            ####....     1%          3    #......
n - Spectral Weapon       Hex/Chrm       #####...     1%          3    #......
p - Shroud of Golubria    Chrm/Tloc      #####.       1%          2    None
u - Song of Slaying       Chrm           #####...     1%          2    None
y - Infusion              Chrm           ####         1%          1    None

Your spell library contained the following spells:

 Spells                   Type           Power        Failure   Level  Hunger
 Corona                   Hex            ####...      1%          1    None
 Ensorcelled Hibernation  Hex/Ice        ####..       1%          2    None
 Dazzling Spray           Conj/Hex       ####..       1%          3    #......


Dungeon Overview and Level Annotations

Branches:
Dungeon (8/15)             Temple (0/1) D:5
   Lair: D:8-11

Altars:
Ashenzari
Kikubaaqudgha
Qazlal
Ru
Sif Muna
Trog
Uskayaw
Wu Jian
Xom
Yredelemnul


Innate Abilities, Weirdness & Mutations

Your experience applies equally to all skills.
You have very sharp teeth.
Your uncanny sense of smell can sniff out nearby items.


Message History

You are more poisoned.
The killer bee poisons you! The killer bee misses you.
The killer bee closely misses you. The killer bee stings you.
* * * LOW HITPOINT WARNING * * *
You are more poisoned.
The killer bee poisons you!
It was a potion of might.
You feel very mighty all of a sudden.
Xom roars with laughter!
* * * LOW HITPOINT WARNING * * *
You feel very sick. The killer bee stings you.
* * * LOW HITPOINT WARNING * * *
The killer bee barely misses you.
The killer bee stings you but does no damage.
The killer bee closely misses you. The killer bee barely misses you.
The killer bee stings you but does no damage.
The killer bee stings you!
You die...
Xom laughs nastily!

....... ....)
.......###.....
.........#......
.................
..................###
.....................##
......yyy.............##
.....hy@..)......####...
......y...........#.#...
.........#........#.....
....###..###.....รท......
... #.###............. ..
#>.#.............. .
#.................
#.....>...........
#.....##..........


You could see a howler monkey and 5 killer bees.

Vanquished Creatures
  A hippogriff (D:7)
  Sigmund (D:2)
  A hog (shapeshifter) (D:7)
  An orc warrior (D:6)
  An ice beast (D:6)
  3 sky beasts
  3 phantoms
  2 ogres
  3 bullfrogs
  A scorpion (D:5)
  A killer bee (D:8)
  A howler monkey (D:5)
  A crimson imp (D:7)
  A bullfrog zombie (D:5)
  A quasit (D:7)
  A centaur zombie (D:6)
  3 hounds
  3 orc wizards
  2 jellies
  An orc priest (D:6)
  2 iguanas (D:4)
  Crazy Yiuf (D:5)
  Terence (D:3)
  3 worker ants
  A hound skeleton (D:8)
  A howler monkey zombie (D:6)
  5 adders
  A shadow imp (D:6)
  2 oozes
  3 adder skeletons
  2 dart slugs
  6 worms
  A leopard gecko (D:4)
  23 orcs
  4 bats
  5 giant cockroaches
  9 goblins
  10 hobgoblins
  A jackal (D:3)
  6 quokkas
  3 frilled lizards
  7 kobolds
  2 quokka skeletons
  A quokka zombie (D:8)
  16 rats
  A fire vortex (D:5)
149 creatures vanquished.

Vanquished Creatures (others)
  2 spectral weapons
2 creatures vanquished.

Grand Total: 151 creatures vanquished

Notes
Turn   | Place    | Note
-------+----------+-------------------------------------------
     0 | D:1      | FishyPogo the Gnoll Skald began the quest for the Orb.
     0 | D:1      | Reached XP level 1. HP: 20/20 MP: 6/6
    59 | D:1      | Reached XP level 2. HP: 26/26 MP: 2/7
    67 | D:1      | Learned a level 2 spell: Song of Slaying
    70 | D:1      | Learned a level 2 spell: Shroud of Golubria
   335 | D:1      | Reached XP level 3. HP: 31/31 MP: 9/9
   358 | D:1      | Learned a level 3 spell: Regeneration
   362 | D:1      | Learned a level 3 spell: Spectral Weapon
   402 | D:2      | Reached skill level 5 in Spellcasting
   406 | D:2      | Noticed Sigmund
   421 | D:2      | Killed Sigmund
   421 | D:2      | Reached skill level 1 in Short Blades
   421 | D:2      | Reached skill level 1 in Axes
   421 | D:2      | Reached skill level 1 in Maces & Flails
   421 | D:2      | Reached skill level 1 in Polearms
   421 | D:2      | Reached skill level 1 in Staves
   421 | D:2      | Reached skill level 1 in Slings
   421 | D:2      | Reached skill level 1 in Bows
   421 | D:2      | Reached skill level 1 in Crossbows
   421 | D:2      | Reached skill level 1 in Throwing
   421 | D:2      | Reached skill level 1 in Stealth
   421 | D:2      | Reached skill level 1 in Shields
   421 | D:2      | Reached skill level 1 in Unarmed Combat
   421 | D:2      | Reached skill level 1 in Conjurations
   421 | D:2      | Reached skill level 1 in Hexes
   421 | D:2      | Reached skill level 1 in Summonings
   421 | D:2      | Reached skill level 1 in Necromancy
   421 | D:2      | Reached skill level 1 in Translocations
   421 | D:2      | Reached skill level 1 in Transmutations
   421 | D:2      | Reached skill level 1 in Fire Magic
   421 | D:2      | Reached skill level 1 in Ice Magic
   421 | D:2      | Reached skill level 1 in Air Magic
   421 | D:2      | Reached skill level 1 in Earth Magic
   421 | D:2      | Reached skill level 1 in Poison Magic
   421 | D:2      | Reached skill level 1 in Invocations
   421 | D:2      | Reached skill level 1 in Evocations
   421 | D:2      | Reached XP level 4. HP: 18/38 MP: 2/11
   421 | D:2      | Reached XP level 5. HP: 20/43 MP: 2/12
   482 | D:2      | Noticed Terence
   562 | D:2      | Learned a level 3 spell: Tukima's Dance
  1100 | D:3      | Reached XP level 6. HP: 50/50 MP: 3/13
  1134 | D:3      | Found a shimmering altar of Xom.
  1146 | D:3      | Became a worshipper of Xom of Chaos
  1158 | D:3      | XOM: divination: detect items
  1213 | D:3      | XOM: divination: detect items
  1413 | D:3      | XOM: divination: detect creatures
  1415 | D:3      | Killed Terence
  1415 | D:3      | Reached skill level 5 in Fighting
  1415 | D:3      | Reached skill level 5 in Long Blades
  1415 | D:3      | Reached skill level 5 in Dodging
  1513 | D:3      | Found an ancient bone altar of Kikubaaqudgha.
  1528 | D:3      | XOM: harmless Air miscast
  1552 | D:3      | Found a shattered altar of Ashenzari.
  1554 | D:3      | Found a sacrificial altar of Ru.
  1577 | D:3      | Found a stormy altar of Qazlal.
  1891 | D:4      | Found a hide-covered altar of Uskayaw.
  2112 | D:4      | Found a basalt altar of Yredelemnul.
  2119 | D:4      | XOM: potion effect (invisibility)
  2183 | D:4      | Reached XP level 7. HP: 35/56 MP: 9/15
  2492 | D:4      | XOM: harmless Fire miscast
  2515 | D:5      | Entered Level 5 of the Dungeon
  2596 | D:5      | XOM: divination: detect creatures
  2730 | D:5      | XOM: mild Fire miscast
  2746 | D:5      | XOM: potion effect (magic)
  2747 | D:5      | Reached XP level 8. HP: 58/63 MP: 16/16
  2766 | D:5      | Found a staircase to the Ecumenical Temple.
  2816 | D:5      | Noticed a moth of wrath
  2820 | D:5      | Found a bloodstained altar of Trog.
  2835 | D:5      | Learned a level 3 spell: Confuse
  3084 | D:5      | Found a runed translucent door.
  3097 | D:5      | Noticed Crazy Yiuf
  3111 | D:5      | Killed Crazy Yiuf
  3315 | D:6      | HP: 2/63 [orc warrior/+0 short sword (14)]
  3320 | D:6      | XOM: potion effect (magic)
  3471 | D:6      | XOM: harmless Hex miscast
  4041 | D:7      | Reached XP level 9. HP: 69/69 MP: 18/18
  4118 | D:7      | XOM: summons 2 friendly demons
  4119 | D:7      | XOM: mild Chrm miscast
  4255 | D:7      | Found an ornate altar of the Wu Jian Council.
  4255 | D:7      | Found a shimmering blue altar of Sif Muna.
  4289 | D:7      | XOM: polymorph bullfrog -> shapeshifter
  4291 | D:7      | XOM: polymorph golden eye -> shapeshifter
  4298 | D:7      | Reached skill level 5 in Armour
  4518 | D:8      | XOM: mild Fire miscast
  4570 | D:8      | Slain by a killer bee

Levels and vault maps discovered:
D:1:      mrwooster_arrival_statue_3, layout_rooms, minmay_tetromino_i2
D:2:      layout_basic, uniq_terence, uniq_sigmund
D:3:      kennysheep_big_flooded_room, layout_rooms, overflow_temple_1_default,
          nicolae_overflow_hidden_temple, kennysheep_generic_room_6
D:4:      layout_gridville, yredelemnul_altar_generic,
          eat_drink_and_be_merry_uskayaw, first_ration
D:5:      layout_basic, tgw_trog, minmay_temple_entry_glassed_door,
          uniq_crazy_yiuf_cottage
D:6:      layout_loops_ring, chequers_decorated_corner, grunt_decor_fettered
D:7:      layout_cave_pools, gammafunk_temple_overflow_wave
D:8:      layout_cave_pools, overflow_temple_1_default

Skill      XL: |  1  2  3  4  5  6  7  8  9 |
---------------+----------------------------+-----
Spellcasting   | 5 6 |  6.6
Short Blades   | 1 2 3 4 |  4.2
Axes           | 1 2 3 4 |  4.2
Maces & Flails | 1 2 3 4 |  4.2
Polearms       | 1 2 3 4 |  4.2
Staves         | 1 2 3 4 |  4.2
Slings         | 1 2 3 4 |  4.2
Bows           | 1 2 3 4 |  4.2
Crossbows      | 1 2 3 4 |  4.2
Throwing       | 1 2 3 4 |  4.2
Armour         | 3 4 5 |  5.0
Stealth        | 1 2 3 4 |  4.2
Shields        | 1 2 3 4 |  4.2
Unarmed Combat | 1 2 3 4 |  4.2
Conjurations   | 1 2 3 |  3.5
Hexes          | 1 2 3 |  3.5
Summonings     | 1 2 3 |  3.5
Necromancy     | 1 2 3 |  3.5
Translocations | 1 2 3 |  3.5
Transmutations | 1 2 3 |  3.5
Fire Magic     | 1 2 3 |  3.5
Ice Magic      | 1 2 3 |  3.5
Air Magic      | 1 2 3 |  3.5
Earth Magic    | 1 2 3 |  3.5
Poison Magic   | 1 2 3 |  3.5
Invocations    | 1 2 3 4 |  4.6
Evocations     | 1 2 3 4 |  4.2
Fighting       | 5 6 |  6.3
Long Blades    | 5 6 |  6.3
Dodging        | 5 6 |  6.3
Charms         | 6 |  6.5

Action                   |  1- 3 |  4- 6 |  7- 9 || total
-------------------------+-------+-------+-------++-------
Melee: Falchion          |    57 |    91 |    87 ||   235
       Bite              |     7 |    15 |    23 ||    45
       Punch             |       |     3 |     1 ||     4
       Rapier            |       |    78 |     5 ||    83
       Quarterstaff      |       |       |    97 ||    97
Throw: Dart              |     4 |     8 |     4 ||    16
 Cast: Infusion          |     1 |       |     1 ||     2
       Spectral Weapon   |     1 |    12 |    25 ||    38
       Shroud of Golubri |     1 |     7 |    15 ||    23
       Regeneration      |     1 |     2 |     7 ||    10
       Song of Slaying   |       |     3 |     1 ||     4
       Confuse           |       |       |     1 ||     1
  Use: Potion            |       |       |     4 ||     4
 Stab: Sleeping          |       |     2 |     1 ||     3
       Distracted        |       |       |     3 ||     3
       Petrifying        |       |       |     1 ||     1
  Eat: Chunk             |       |     6 |    10 ||    16
Armor: Leather armour    |    13 |       |       ||    13
       Robe              |       |    56 |    57 ||   113
Dodge: Dodged            |    45 |   124 |   172 ||   341
       Rpst.: Falchion   |    12 |    20 |    15 ||    47
